 Dungeon Crawl Stone Soup version 0.20.1-1-g8b1a95d (webtiles) character file.

207 dohliylev the Sneak (level 5, -1/35 HPs)
             Began as a Vampire Enchanter on July 13, 2017.
             Was a Follower of Dithmenos.
             Killed by divine providence
             ... invoked by an orc priest
              (13 damage)
             ... on level 3 of the Dungeon.
             The game lasted 00:12:39 (2856 turns).

dohliylev the Sneak (Vampire Enchanter)             Turns: 2856, Time: 00:12:40

Health: -1/35      AC:  4    Str:  7    XL:     5   Next: 54%
Magic:  3/8        EV: 12    Int: 18    God:    Dithmenos [*.....]
Gold:   84         SH:  3    Dex: 15    Spells: 2/8 levels left

rFire    x . .     SeeInvis +   a - +1 dagger
rCold    + . .     Gourm    .   i - +0 buckler
rNeg     . . .     Faith    .   b - +0 robe
rPois    .         Spirit   .   s - +0 helmet
rElec    .         Reflect  .   n - +0 cloak
rCorr    .         Harm     .   (no gloves)
MR       .....                  (no boots)
Stlth    ++++......             (no amulet)
Regen    0.4/turn               f - ring of ice
MPRegen  0.2/turn               (no ring)

@: regenerating quickly, wreathed by umbra
A: fangs 3, see invisible, unbreathing
a: Renounce Religion


You were on level 3 of the Dungeon.
You worshipped Dithmenos.
Dithmenos was aware of your devotion.
You were full.

You visited 1 branch of the dungeon, and saw 4 of its levels.

You collected 84 gold pieces.

Inventory:

Hand Weapons
 a - a +1 dagger (weapon)
Armour
 b - a +0 robe (worn)
 i - a +0 buckler (worn)
 n - a +0 cloak (worn)
 s - a +0 helmet (worn)
Jewellery
 f - a ring of ice (left hand)
Scrolls
 d - a scroll of remove curse {unknown}
 e - 4 scrolls of identify {unknown}
 g - 3 scrolls of enchant weapon {unknown}
 h - 2 scrolls of enchant armour {unknown}
 j - a scroll of immolation {unknown}
 m - a scroll of fog {unknown}
 q - a scroll of amnesia {unknown}
Potions
 k - 2 potions of curing {unknown}
 l - a potion of magic {unknown}
 o - 2 potions of blood
 p - 2 potions of agility {unknown}
 r - a potion of berserk rage {unknown}
Books
 c - a book of Maledictions

   Spells                             Type                      Level
   a - Corona                         Hexes                        1
   b - Ensorcelled Hibernation        Hexes/Ice                    2
   c - Confuse                        Hexes                        3
   d - Tukima's Dance                 Hexes                        3
   e - Dazzling Spray                 Conjuration/Hexes            3


   Skills:
 * Level 4.8 Short Blades
 - Level 2.1 Dodging
 + Level 6.8 Stealth
 - Level 2.0 Spellcasting
 - Level 4.4 Hexes


You had 2 spell levels left.
You knew the following spells:

 Your Spells              Type           Power        Failure   Level  Hunger
a - Corona                Hex            ###....      4%          1    #......
b - Ensorcelled Hibernat  Hex/Ice        ##....       19%         2    ###....
c - Confuse               Hex            ###.....     14%         3    ###....


Dungeon Overview and Level Annotations

Branches:
Dungeon (4/15)
 Temple: D:4-7

Altars:
Dithmenos
Nemelex Xobeh
Sif Muna


Innate Abilities, Weirdness & Mutations

Your natural rate of healing is unusually fast.
You have razor-sharp teeth.
You have supernaturally acute eyesight. (SInv)
You can survive without breathing.


Message History

Press: ? - help, Shift-Dir - straight line, f/p - orc priest
Aim: an orc priest, wielding a club (chance to defeat MR: 45%)
You feel a surge of power!
The orc priest resists with some effort.
Casting: Ensorcelled Hibernation
Confirm with . or Enter, or press ? or * to list all spells.
You don't have enough magic to cast that spell.
Firing (i - inventory): No suitable missiles.
Press: ? - help, Shift-Dir - straight line, f/p - orc priest
Aim: an orc priest, wielding a club (umbra)
Okay, then.
You hit the orc priest but do no damage.
The orc priest hits you but does no damage.
The orc priest calls down the wrath of Beogh upon you.
Pain shoots through your body!
The orc priest mumbles some strange prayers to Beogh against you.
Pain shoots through your body!
The orc priest calls down the wrath of Beogh upon you.
Beogh smites you!
You die...

.. #........ #.#
#..###### #.# #...### #
... #.....# # # #.#
#...#.# # ##. #.#
#..##.###
##...##.########)..#.##.
...................%....
##...##@########...#.##.
#...)....# #.>.....###
#.###...(# #.####### #
#.##.# #.# #.###.##o#
#.# #.......o# #.# #
#####o#### #[#########
#)# #.......... #o#
#########..


You could see an orc priest and an orc.

Vanquished Creatures
  The ghost of MrModeste the Skirmisher, a weakling FoFi (D:3)
  2 orc priests (D:3)
  3 adders (D:2)
  2 oozes
  A worm (D:3)
  2 dart slugs (D:1)
  3 orcs
  5 bats
  5 giant cockroaches
  7 goblins
  6 hobgoblins
  4 jackals (D:1)
  8 kobolds
  2 frilled lizards
  9 rats
60 creatures vanquished.

Notes
Turn   | Place    | Note
-------+----------+-------------------------------------------
     0 | D:1      | dohliylev the Vampire Enchanter began the quest for the Orb.
     0 | D:1      | Reached XP level 1. HP: 13/13 MP: 3/3
   284 | D:1      | Reached skill level 5 in Stealth
   284 | D:1      | Reached XP level 2. HP: 4/19 MP: 1/5
   323 | D:2      | Learned a level 2 spell: Ensorcelled Hibernation
   660 | D:2      | Reached XP level 3. HP: 21/24 MP: 1/6
   690 | D:2      | Found a deep blue altar of Sif Muna.
   719 | D:2      | Found a shadowy altar of Dithmenos.
   728 | D:2      | Became a worshipper of Dithmenos the Shadowed
  1325 | D:1      | You fall through a shaft!
  1408 | D:1      | Reached XP level 4. HP: 30/30 MP: 3/7
  1986 | D:3      | Noticed MrModeste's ghost (weakling FoFi)
  1993 | D:2      | Learned a level 3 spell: Confuse
  2006 | D:3      | Killed MrModeste's ghost
  2006 | D:3      | Reached skill level 6 in Stealth
  2095 | D:3      | Found a sparkling altar of Nemelex Xobeh.
  2168 | D:3      | Reached * piety under Dithmenos
  2311 | D:4      | Reached XP level 5. HP: 35/35 MP: 5/8
  2856 | D:3      | Killed from afar by an orc priest

Skill      XL: |  1  2  3  4 |
---------------+-------------+-----
Stealth        | 5 6 |  6.8
Short Blades   | 2 3 4 |  4.8
Dodging        | |  2.1
Spellcasting   | |  2.0
Hexes          | |  4.4

Action                   |  1- 3 |  4- 6 || total
-------------------------+-------+-------++-------
Melee: Dagger            |   128 |   129 ||   257
       Bite              |     7 |    11 ||    18
 Cast: Corona            |     7 |     1 ||     8
       Ensorcelled Hiber |    15 |    25 ||    40
       Confuse           |       |     2 ||     2
  Use: Potion            |     3 |       ||     3
 Stab: Sleeping          |    12 |    10 ||    22
       Confused          |       |     3 ||     3
  Eat: Corpse            |    10 |     8 ||    18
Armor: Robe              |    13 |    13 ||    26
Dodge: Dodged            |    72 |    63 ||   135
Block: Buckler           |     8 |    11 ||    19
